 Dungeon Crawl Stone Soup version 0.31.0-10-gcf4a605ca0 (webtiles) character file.

Game seed: 7359075245710127585

14 Shade711 the Firebug (level 2, 0/24 HPs)
             Began as an Oni Fire Elementalist on Jan 25, 2024.
             Slain by a kobold
             ... wielding a +0 short sword
              (4 damage)
             ... on level 1 of the Dungeon on Jan 26, 2024.
             The game lasted 00:07:06 (481 turns).

Shade711 the Firebug (Oni Fire Elementalist)         Turns: 481, Time: 00:07:06

Health: 0/24       AC:  4    Str: 11    XL:     2   Next: 41%
Magic:  1/5        EV:  9    Int: 16    God:
Gold:   30         SH:  0    Dex:  9    Spells: 5/6 levels left

rFire   . . .        (no weapon)
rCold   . . .        (no shield)
rNeg    . . .        a - +0 robe
rPois   .            (helmet restricted)
rElec   .            h - +0 cloak
rCorr   .            (gloves unavailable)
SInv    .            (boots unavailable)
Will    .....        (no amulet)
Stlth   +            (no ring)
HPRegen 0.24/turn    (no ring)
MPRegen 0.09/turn

%: no passive effects
@: no status effects
A: large, unfitting armour, horns 1, tough skin 1, double potion healing,
drunken brawling
a: no special abilities


You were on level 1 of the Dungeon.
You visited 1 branch of the dungeon, and saw 1 of its levels.

You collected 30 gold pieces.

Inventory:

Hand Weapons
 d - a +0 dagger
Armour
 a - a +0 robe (worn)
 h - a +0 cloak (worn)
Scrolls
 c - a scroll of noise {unknown}
 e - 2 scrolls of immolation
 g - a scroll of identify
Potions
 b - a potion of magic
 f - a potion of resistance {unknown}


   Skills:
 - Level 1.8 Dodging
 - Level 1.5 Stealth
 - Level 2.5 Spellcasting
 - Level 0.8 Conjurations
 + Level 3.2 Fire Magic


You had 5 spell levels left.
You knew the following spells:

 Your Spells              Type           Power      Damage    Failure   Level
a - Foxfire               Conj/Fire      32%        2x1d5     9%          1

Your spell library contained the following spells:

 Spells                   Type           Power      Damage    Failure   Level
 Scorch                   Fire           24%        2d6       8%          2
 Inner Flame              Hex/Fire       7%         N/A       30%         3
 Volatile Blastmotes      Fire/Tloc      14%        2d11      30%         3
 Flame Wave               Conj/Fire      8%         2d5       63%         4


Dungeon Overview and Level Annotations

Branches:
Dungeon (1/15)

Altars:


Innate Abilities, Weirdness & Mutations

You are too large for most types of armour.
You have a pair of small horns on your head.
You have tough skin. (AC +1)
You gain doubled healing and magic from potions.
Whenever you drink a healing potion, you attack all around you.


Message History

Okay, then.
What are your orders? t - Shout!
Orders for allies: a - Attack new target. p - Attack previous target. r - Retreat! s - Stop attacking. g - Guard the area. f - Follow me.
Anything else - Cancel.
Okay, then.
Casting: Foxfire (safe; 9% risk of failure)
Press: ? - help, Q - select action Dir - look around, f - activate Look: a kobold, wielding a +0 short sword (moderately wounded)
You conjure some foxfire!
The kobold closely misses you.
Your foxfire dissipates!
The kobold attacks as it pursues you! The kobold hits you but does no damage.
Casting: Foxfire (safe; 9% risk of failure)
Press: ? - help, Q - select action Dir - look around, f - activate Look: a kobold, wielding a +0 short sword (moderately wounded)
You conjure some foxfire!
The kobold hits you but does no damage.
Your foxfire dissipates!
Casting: Foxfire (safe; 9% risk of failure)
Press: ? - help, Q - select action Dir - look around, f - activate Look: a kobold, wielding a +0 short sword (moderately wounded)
You conjure some foxfire!
The kobold hits you but does no damage.
Your foxfire dissipates!
The foxfire hits the kobold but does no damage.
The kobold is moderately wounded.
Casting: Foxfire (safe; 9% risk of failure)
Press: ? - help, Q - select action Dir - look around, f - activate Look: a kobold, wielding a +0 short sword (moderately wounded)
You conjure some foxfire!
The kobold completely misses you.
Your foxfire dissipates!
Casting: Foxfire (safe; 9% risk of failure)
Press: ? - help, Q - select action Dir - look around, f - activate You conjure some foxfire!
The kobold hits you with a +0 short sword.
You die...

......##.##...#.
#..>..........
#.........(.#
#.###)####.# #.#
#.# # #.# #.# #.
###. #.# #.#
##.## ....
#.####v###.#
#.... #..#
#......@K..#
#.... #..#
######v#####
#.... #..# #.#
#.... #..# #.#
#.##. #..# #.# #
#. #..# #.# #.
#..# #.# #. #..#
#†########### #.
#..#####
#.##......... ..


You could see a kobold (ally target).

Vanquished Creatures
  A ball python (D:1)
  2 bats (D:1)
  A goblin (D:1)
  2 hobgoblins (D:1)
  4 kobolds (D:1)
  A quokka (D:1)
  A rat (D:1)
12 creatures vanquished.

Vanquished Creatures (others)
  A foxfire (D:1)
1 creature vanquished.

Grand Total: 13 creatures vanquished

Notes
Turn   | Place    | Note
-------+----------+-------------------------------------------
     0 | D:1      | Shade711 the Oni Fire Elementalist began the quest for the
                  | Orb.
     0 | D:1      | Reached XP level 1. HP: 16/16 MP: 3/3
   255 | D:1      | Reached XP level 2. HP: 24/24 MP: 5/5
   315 | D:1      | Reached skill level 3 in Fire Magic
   481 | D:1      | Slain by a kobold

Illustrated notes

Levels and vault maps discovered:
D:1:      dpeg_arrival_arbitrary_b, layout_loops_ring

Skill      XL: |  1  2 |
---------------+-------+-----
Fire Magic     | 3 |  3.2
Dodging        | |  1.8
Stealth        | |  1.5
Spellcasting   | |  2.5
Conjurations   | |  0.8

Action                     || total
---------------------------++-------
  Melee: Dagger            ||    62
         Unarmed           ||     4
         Headbutt          ||     5
         Punch             ||     1
   Cast: Foxfire           ||     5
    Use: Scroll            ||     1
   Stab: Sleeping          ||     2
 Armour: Robe              ||    53
  Dodge: Dodged            ||    35
